 Dungeon Sprint DCSS version 0.27.1-34-g3ba077fa99 (webtiles) character file.

Game seed: 7562628404414687316

0 alasdair19 the Skirmisher (level 2, -5/29 HPs)
             Began as a Minotaur Fighter on Jan 22, 2022.
             Slain by Sigmund (6 damage)
             ... in the Dungeon (Sprint VI: "Thunderdome") on Jan 23, 2022.
             The game lasted 00:01:16 (37 turns).

alasdair19 the Skirmisher (Minotaur Fighter)          Turns: 37, Time: 00:01:16

Health: -5/29      AC:  7    Str: 20    XL:     2   Next: 82%
Magic:  1/1        EV:  7    Int:  5    God:
Gold:   0          SH:  9    Dex:  9    Spells: 1/1 levels left

rFire    . . .     SeeInvis .   a - +0 long sword
rCold    . . .     Faith    .   c - +0 kite shield
rNeg     . . .     Spirit   .   b - +0 scale mail
rPois    .         Reflect  .   (helmet restricted)
rElec    .         Harm     .   (no cloak)
rCorr    .         Rampage  .   (no gloves)
Will     .....     NoTele   +   (no boots)
Stlth    ..........             (no amulet)
HPRegen  0.09/turn              (no ring)
MPRegen  0.07/turn              (no ring)

@: no status effects
A: horns 2, retaliatory headbutt
a: no special abilities


You were in the Dungeon.
You visited 1 branch

Inventory:

Hand Weapons
 a - a +0 long sword (weapon)
Armour
 b - a +0 scale mail (worn)
 c - a +0 kite shield (worn)
Scrolls
 j - a scroll of blinking
Potions
 d - a potion of might
 e - a potion of curing
 f - a potion of heal wounds
 g - a potion of haste
 h - 2 potions of magic
 i - a potion of berserk rage


   Skills:
 + Level 5.3 Fighting
 + Level 3.6 Long Blades
 + Level 5.1 Armour
 + Level 4.9 Shields


You had one spell level left.
You didn't know any spells.
Your spell library was empty.

Dungeon Overview and Level Annotations

Branches:
Dungeon (1/1)

Altars:
Makhleb
Okawaru
Qazlal
Sif Muna
Trog
Vehumet
Yredelemnul
Zin
The Shining One
Jiyva
Lugonu

Shops:
D ??:(

Annotations:
D Sigmund


Innate Abilities, Weirdness & Mutations

You have a pair of horns on your head.
You reflexively headbutt those who attack you in melee.


Message History

Terence barely misses you. Terence hits you with a +0 trident!
You slash Terence!
Terence is heavily wounded.
You block Terence's attack.
You hit Terence.
Terence is heavily wounded.
Terence hits you with a +0 trident.
* * * LOW HITPOINT WARNING * * *
You block Terence's attack.
You hit Terence but do no damage.
Terence is heavily wounded.
You block Terence's attack.
You hit Terence. You headbutt Terence.
You kill Terence!
Your Fighting skill gained 2 levels and is now at level 5!
Your Long Blades skill increases to level 3!
Your Armour skill gained 2 levels and is now at level 5!
Your Shields skill increases to level 4!
You have reached level 2!
You start resting.
Sigmund the Dreaded comes into view.
He is wielding a +0 scythe.
Sigmund shouts!
A black bear comes into view.
Things that are here:
a +0 trident; a +1 chain mail of cold resistance; the human corpse of Terence Sigmund screams, "Don't try to resist!"
Sigmund gestures at you while chanting. The puff of flame hits you.
* * * LOW HITPOINT WARNING * * *
Things that are here:
a +0 trident; a +1 chain mail of cold resistance; the human corpse of Terence You hit Sigmund.
Sigmund is lightly wounded.
Sigmund barely misses you. You furiously retaliate!
You headbutt Sigmund.
You riposte.
You hit Sigmund. Your headbutt misses Sigmund.
Sigmund is heavily wounded.
You hit Sigmund. Your headbutt misses Sigmund.
Sigmund is heavily wounded.
Sigmund hits you with a +0 scythe.
You die...

##.....## ##∩.....∩##
#∩.......∩#
#_......._#
#_......._#
#_......._#
###.........###
#⌠...........⌠#
#.8..@@.....8.###
___......###......__
........8.# #.8......
.........h.###........
........###...###.....
........# #.<.# .....
........# #...# ....
.. ..###.. ... ..8.
.8.. ...


You could see Sigmund and a black bear.

Vanquished Creatures
  Terence (D)
1 creature vanquished.

Notes
Turn   | Place    | Note
-------+----------+-------------------------------------------
     0 | D        | alasdair19 the Minotaur Fighter began the quest for the
                  | Orb.
     0 | D        | Reached XP level 1. HP: 19/19 MP: 0/0
     0 | D        | Found a viscous altar of Jiyva.
     0 | D        | Found a corrupted altar of Lugonu.
     1 | D        | Found a stormy altar of Qazlal.
     1 | D        | Found a glowing silver altar of Zin.
     2 | D        | Found a basalt altar of Yredelemnul.
     2 | D        | Found a glowing golden altar of the Shining One.
     3 | D        | Found a burning altar of Makhleb.
     3 | D        | Found a shimmering blue altar of Sif Muna.
     3 | D        | Found Fiken's Staff Store.
     3 | D        | Found Tumik's Magic Scroll Shop.
     4 | D        | Found Sinaj's Must-Have Magic.
     4 | D        | Found Zarewno's Magic Scroll Shop.
     5 | D        | Round 1.
     6 | D        | Found a bloodstained altar of Trog.
     7 | D        | Found an iron altar of Okawaru.
    10 | D        | Noticed Terence
    12 | D        | Found a radiant altar of Vehumet.
    28 | D        | Killed Terence
    29 | D        | Reached skill level 5 in Fighting
    29 | D        | Reached skill level 5 in Armour
    29 | D        | Reached XP level 2. HP: 4/29 MP: 1/1
    30 | D        | Noticed Sigmund
    31 | D        | Noticed a black bear
    35 | D        | HP: 1/29 [Sigmund/puff of flame (4)]
    37 | D        | Slain by Sigmund

Illustrated notes

Levels and vault maps discovered:
D:        arena_sprint

Skill      XL: |  1 |
---------------+----+-----
Fighting       | 5 |  5.3
Long Blades    | 3 |  3.6
Armour         | 5 |  5.1
Shields        | 4 |  4.9

Action                   || total
-------------------------++-------
Melee: Long sword        ||     8
       Headbutt          ||     1
Armor: Scale mail        ||     1
Dodge: Dodged            ||     3
Block: Kite shield       ||     3
       Rpst.: Long sword ||     1
